 Dungeon Crawl Stone Soup version 0.26-a0-53-g45f243fec8 (webtiles) character file.

Game seed: 6917509554154322086

10715 EWolf27 the Grappler (level 11, 0/105 HPs)
             Began as a Troll Berserker on June 7, 2020.
             Was a High Priest of Trog.
             Slain by a wolf spider (16 damage)
             ... on level 11 of the Dungeon.
             The game lasted 00:56:12 (9420 turns).

EWolf27 the Grappler (Troll Berserker)              Turns: 9420, Time: 00:56:13

Health: 0/105      AC: 10    Str: 27    XL:     11   Next: 39%
Magic:  10/10      EV: 14    Int:  5    God:    Trog [*****.]
Gold:   452        SH: 11    Dex: 10    Spells: 10/10 levels left

rFire    . . .     SeeInvis .     - Unarmed
rCold    . . .     Gourm    +   l - +0 kite shield
rNeg     . . .     Faith    .   B - +2 robe {MR+}
rPois    .         Spirit   .   (helmet restricted)
rElec    .         Reflect  .   C - +1 cloak {rCorr}
rCorr    +         Harm     .   (gloves unavailable)
MR       +++..                  (boots unavailable)
Stlth    +.........             (no amulet)
HPRegen  1.67/turn              i - +4 ring of evasion
MPRegen  0.12/turn              (no ring)

@: lethally poisoned (0 -> -1), regenerating
A: large, unfitting armour, claws 3, fast metabolism 3, gourmand, regeneration
1, shaggy fur 1, tough skin 3
a: Berserk, Trog's Hand, Brothers in Arms, Renounce Religion


You were on level 11 of the Dungeon.
You worshipped Trog.
Trog was extremely pleased with you.
You were very full.

You visited 1 branch of the dungeon, and saw 11 of its levels.

You collected 485 gold pieces.
You spent 33 gold pieces at shops.

Inventory:

Hand Weapons
 a - a +0 morningstar
Missiles
 t - 19 poisoned darts
 y - 18 boomerangs (quivered)
 J - 6 large rocks
 K - 6 curare-tipped darts
Armour
 l - a +0 kite shield (worn)
 B - a +2 robe of magic resistance (worn)
 C - a +1 cloak of preservation (worn)
Jewellery
 i - a +4 ring of evasion (left claw)
Wands
 u - a wand of iceblast (18)
 v - a wand of acid (5)
 z - a wand of flame (23)
 E - a wand of random effects (10)
 F - a wand of polymorph (7)
 I - a wand of paralysis (11)
Scrolls
 c - 2 scrolls of noise {unknown}
 d - 2 scrolls of identify
 e - 3 scrolls of enchant weapon
 f - 4 scrolls of remove curse
 g - 2 scrolls of fear
 h - 2 scrolls of immolation {unknown}
 n - 6 scrolls of enchant armour
 o - a scroll of blinking
 q - 3 scrolls of fog
 r - 2 scrolls of random uselessness {unknown}
 x - 3 scrolls of teleportation {unknown}
 G - a scroll of vulnerability {unknown}
 H - a scroll of magic mapping {unknown}
 L - a scroll of summoning {unknown}
Potions
 j - 6 potions of curing
 k - a potion of heal wounds
 m - a potion of mutation {unknown}
 p - 2 potions of flight
 s - 4 potions of magic
 w - 4 potions of haste
 A - a potion of lignification {unknown}
 D - 2 potions of might
Comestibles
 b - 22 rations
 M - 6 chunks of flesh


   Skills:
 + Level 6.1 Fighting
 - Level 4.0 Throwing
 - Level 2.4 Dodging
 + Level 9.5 Shields
 + Level 11.8 Unarmed Combat


You had 10 spell levels left.
You didn't know any spells.
Your spell library was empty.

Dungeon Overview and Level Annotations

Branches:
Dungeon (11/15)            Temple (0/1) D:7            Lair (0/6) D:8
    Orc (0/2) D:9

Altars:
Nemelex Xobeh
Ru
The Shining One

Shops:
D:8 (   D:10 *

Annotations:
D:7 3 runed translucent doors, Caphalor's ghost, novice DEFE
D:8 3 runed translucent doors, Essalna's ghost, novice GrIE
D:11 3 runed translucent doors, Ananasrisotto's ghost, journeyman OgMo


Innate Abilities, Weirdness & Mutations

You are too large for most types of armour.
You have claws for hands.
Your metabolism is lightning-fast.
You like to eat raw meat.
Your natural rate of healing is unusually fast.
You are covered in fur. (AC +1)
You have extremely tough skin. (AC +3)


Message History

You are lethally poisoned!
The wolf spider poisons you!
You feel much better.
You feel very sick. The wolf spider hits you!!
* * * LOW HITPOINT WARNING * * *
The wolf spider barely misses you.
You feel much better.
You feel very sick. The wolf spider barely misses you.
You block the wolf spider's attack. The wolf spider hits you.
* * * LOW HITPOINT WARNING * * *
The wolf spider closely misses you.
Your skin crawls.
You feel resistant to hostile enchantments.
You feel sick. The wolf spider closely misses you.
You block the wolf spider's attack.
You feel very sick. The wolf spider hits you!
You die...

#####.#####..# #...
#).##.##.)#..# #..#
#..#.#.#..#..# #.. #
##.#.#.###..# #..
#.##.#.#.#.##..# #.
#...#.#.#.#....#
#.##†#)#.#.##..# #
##s#.#.###..# ###
#..#@#.#sc#.........#
#).##.##.|#..........
### #.# ######.#####
.#. ... # . .. ## #
.#. # ... # # #. . #


You could see a wolf spider.

Vanquished Creatures
  A centaur warrior (D:11)
  Erica (D:10)
  A deep elf mage (D:10)
  A cyclops (D:10)
  A gargoyle (D:10)
  A centaur zombie (D:11)
  A kobold demonologist (D:11)
  A centaur skeleton (D:11)
  A troll (D:9)
  A hornet (D:6)
  Sigmund (D:3)
  3 wyverns
  9 yaks
  A vampire (D:10)
  A steam dragon (D:8)
  Edmund (D:4)
  3 wargs (D:9)
  Purgy (D:4)
  3 orc warriors
  An ice beast (D:3)
  4 sky beasts
  A necrophage (D:10)
  2 phantoms
  2 eyes of draining (D:11)
  2 ogres
  5 centaurs
  2 crocodiles (D:8)
  A big kobold (D:11)
  7 bullfrogs
  6 scorpions
  A wyvern skeleton (D:10)
  4 killer bees (D:9)
  5 howler monkeys
  2 crimson imps
  4 bullfrog zombies
  4 jellies
  A quasit (D:9)
  2 hounds
  10 orc wizards
  An orc priest (D:6)
  3 bullfrog skeletons
  7 worker ants
  An iguana (D:8)
  2 worker ant zombies
  3 gnolls (D:10)
  12 adders
  3 shadow imps
  2 oozes
  3 dart slugs
  5 leopard geckos
  24 orcs
  3 giant cockroaches
  8 goblins
  5 hobgoblins
  5 jackals
  4 quokkas
  4 ball pythons
  10 bats
  2 frilled lizards
  12 kobolds
  2 leopard gecko skeletons
  10 rats
230 creatures vanquished.

Vanquished Creatures (others)
  7 plants (D:11)
7 creatures vanquished.

Grand Total: 237 creatures vanquished

Notes
Turn   | Place    | Note
-------+----------+-------------------------------------------
     0 | D:1      | EWolf27 the Troll Berserker began the quest for the Orb.
     0 | D:1      | Reached XP level 1. HP: 22/22 MP: 0/0
   218 | D:1      | Reached XP level 2. HP: 27/29 MP: 1/1
   776 | D:1      | Reached XP level 3. HP: 37/37 MP: 2/2
   952 | D:2      | Reached ** piety under Trog
  1257 | D:2      | Reached skill level 4 in Unarmed Combat
  1527 | D:3      | Reached XP level 4. HP: 42/45 MP: 3/3
  1880 | D:3      | Noticed an ice beast
  1919 | D:3      | Killed an ice beast
  1919 | D:3      | Reached skill level 1 in Shields
  1919 | D:3      | Reached XP level 5. HP: 54/54 MP: 4/4
  2019 | D:3      | Noticed Sigmund
  2035 | D:3      | Killed Sigmund
  2035 | D:3      | Reached skill level 5 in Unarmed Combat
  2035 | D:3      | Reached XP level 6. HP: 56/62 MP: 5/5
  2281 | D:3      | Found a sparkling altar of Nemelex Xobeh.
  2415 | D:4      | Noticed Edmund
  2450 | D:4      | Killed Edmund
  2556 | D:4      | Reached XP level 7. HP: 71/71 MP: 6/6
  2819 | D:4      | Noticed Purgy
  2831 | D:4      | Killed Purgy
  2842 | D:4      | Reached *** piety under Trog
  3348 | D:5      | Entered Level 5 of the Dungeon
  3410 | D:5      | Reached skill level 6 in Unarmed Combat
  3418 | D:5      | Reached skill level 5 in Fighting
  4326 | D:6      | You fall into a shaft and drop 1 floor!
  4348 | D:7      | Reached XP level 8. HP: 72/80 MP: 7/7
  4354 | D:7      | Reached skill level 1 in Throwing
  4452 | D:7      | Found a runed translucent gate.
  4453 | D:7      | Found a runed translucent gate.
  4453 | D:7      | Found a runed translucent gate.
  4455 | D:6      | Noticed a hornet
  4463 | D:6      | Killed a hornet
  4635 | D:6      | Reached skill level 7 in Unarmed Combat
  4702 | D:6      | Reached skill level 5 in Shields
  5210 | D:7      | Reached XP level 9. HP: 72/88 MP: 8/8
  5698 | D:7      | Found a staircase to the Ecumenical Temple.
  5921 | D:7      | Noticed Caphalor's ghost (novice DEFE)
  6400 | D:7      | Reached skill level 8 in Unarmed Combat
  6547 | D:8      | Reached **** piety under Trog
  6557 | D:8      | Found a runed translucent gate.
  6557 | D:8      | Found a runed translucent gate.
  6557 | D:8      | Found a runed translucent gate.
  6562 | D:8      | Reached skill level 9 in Unarmed Combat
  6563 | D:8      | Noticed Essalna's ghost (novice GrIE)
  6588 | D:8      | Found Taoshuf's Weapon Emporium.
  6619 | D:8      | Found a sacrificial altar of Ru.
  7216 | D:8      | Found a staircase to the Lair.
  7266 | D:8      | Reached XP level 10. HP: 95/96 MP: 9/9
  7817 | D:9      | Reached skill level 10 in Unarmed Combat
  7881 | D:9      | Found a staircase to the Orcish Mines.
  8001 | D:10     | Entered Level 10 of the Dungeon
  8137 | D:10     | Noticed a deep elf mage
  8150 | D:10     | Killed a deep elf mage
  8300 | D:10     | Noticed a cyclops
  8324 | D:10     | Killed a cyclops
  8324 | D:10     | Reached skill level 11 in Unarmed Combat
  8365 | D:10     | Reached ***** piety under Trog
  8376 | D:10     | Noticed a gargoyle
  8448 | D:9      | Found a glowing golden altar of the Shining One.
  8515 | D:10     | Killed a gargoyle
  8654 | D:10     | Found Oreguf's Assorted Antiques.
  8665 | D:10     | Bought a scroll labeled ALEXUGY KUFONE for 33 gold pieces
  8828 | D:10     | Noticed Erica
  8858 | D:10     | Killed Erica
  8858 | D:10     | Reached XP level 11. HP: 101/104 MP: 10/10
  9025 | D:11     | Found a runed translucent gate.
  9025 | D:11     | Found a runed translucent gate.
  9025 | D:11     | Found a runed translucent gate.
  9027 | D:11     | Noticed a ten-headed hydra
  9027 | D:11     | Noticed Ananasrisotto's ghost (journeyman OgMo)
  9027 | D:11     | Noticed an 11-headed hydra
  9174 | D:11     | Noticed a sixfirhy
  9402 | D:11     | Noticed a wolf spider
  9402 | D:11     | Noticed a centaur warrior
  9415 | D:11     | Killed a centaur warrior
  9416 | D:11     | HP: 4/105 [wolf spider (3)]
  9417 | D:11     | HP: 1/105 [wolf spider (24)]
  9420 | D:11     | Slain by a wolf spider

Illustrated notes

Levels and vault maps discovered:
D:1:      dpeg_arrival_round_b, layout_loops_ring
D:2:      layout_rooms
D:3:      minmay_spotlight, layout_loops_corners, first_ration,
          nemelex_diamond_rough_becter, uniq_sigmund
D:4:      layout_loops_ring, minmay_misc_feat_rows, eino_tiny_chamber,
          minmay_misc_feat_five, uniq_edmund, uniq_purgy
D:5:      layout_loops_corners
D:6:      layout_loops_cross
D:7:      layout_layer_cave, minmay_temple_entry_water_ring,
          gammafunk_ghost_split
D:8:      layout_rooms, erik_lair_dragon, gammafunk_ghost_necromancy,
          basic_altar, serial_shops, nicolae_shop_competitors_out_of_business
D:9:      layout_loops_ring, nicolae_overflow_hidden_temple,
          minmay_orc_entry_guard_dogs
D:10:     layout_rooms, serial_shops, shop, hangedman_little_slice_of_home,
          uniq_erica
D:11:     minmay_the_grid_net [minmay_the_grid_box_x,
          minmay_the_grid_minigrid_large, minmay_the_grid_stretched_grid,
          minmay_the_grid_garden, minmay_the_grid_minigrid_small_alt,
          minmay_the_grid_prize_four_corners_diamond_b], layout_long_grid,
          gammafunk_ghost_hydra_chop, uniq_snorg

Skill      XL: |  1  2  3  4  5  6  7  8  9 10 11 |
---------------+----------------------------------+-----
Fighting       | 3 4 5 6 |  6.1
Unarmed Combat | 4 5 6 7 9 11 | 11.8
Shields        | 1 2 4 5 7 9 |  9.5
Throwing       | 3 4 |  4.0
Dodging        | |  2.4

Action                   |  1- 3 |  4- 6 |  7- 9 | 10-12 || total
-------------------------+-------+-------+-------+-------++-------
Melee: Unarmed           |   111 |    97 |   300 |   307 ||   815
       Punch             |     1 |       |       |       ||     1
Throw: Dart              |       |     4 |    11 |     1 ||    16
       Boomerang         |       |       |       |     4 ||     4
Invok: Trog's Hand       |       |     3 |     1 |     3 ||     7
       Berserk           |       |       |       |     1 ||     1
  Use: Scroll            |     3 |       |    12 |     2 ||    17
       Potion            |       |       |       |     2 ||     2
 Stab: Sleeping          |     1 |     1 |     1 |       ||     3
  Eat: Chunk             |    19 |    10 |    44 |    22 ||    95
Armor: Animal skin       |    63 |    21 |     5 |       ||    89
       Robe              |       |       |    61 |    51 ||   112
Dodge: Dodged            |    52 |    21 |   113 |   134 ||   320
Block: Kite shield       |    15 |    32 |   124 |   141 ||   312

Table legend:
 A = Non-vault XP
 B = Vault XP
 C = Vault XP percentage of total XP
 D = Non-vault monster count
 E = Vault monster count
 F = Vault count percentage of total count
                 A         B        C        D         E       F
            +---------+---------+-------+---------+---------+-------
      Total |   10662 |    4646 |  30.4 |     209 |      21 |   9.1
            +---------+---------+-------+---------+---------+-------
        D:1 |      43 |       0 |   0.0 |      23 |       0 |   0.0
        D:2 |      43 |       0 |   0.0 |      14 |       0 |   0.0
        D:3 |     188 |     236 |  55.7 |      23 |       4 |  14.8
        D:4 |     293 |     298 |  50.4 |      18 |       2 |  10.0
        D:5 |     297 |       0 |   0.0 |      11 |       0 |   0.0
        D:6 |    1215 |       0 |   0.0 |      14 |       0 |   0.0
        D:7 |    1083 |       0 |   0.0 |      21 |       0 |   0.0
        D:8 |    1151 |     797 |  40.9 |      16 |       5 |  23.8
        D:9 |    1067 |     486 |  31.3 |      17 |       3 |  15.0
       D:10 |    3723 |     902 |  19.5 |      29 |       1 |   3.3
       D:11 |    1559 |    1927 |  55.3 |      23 |       6 |  20.7
            +---------+---------+-------+---------+---------+-------
